 Dungeon Crawl Stone Soup version 0.31-a0-232-gb1c03b2570 (webtiles) character file.

Game seed: 6535679663586942623

20701 qw the Marksgargoyle (level 12, -2/77 HPs)
             Began as a Gargoyle Hexslinger on July 6, 2023.
             Was a High Priest of Okawaru.
             Slain by Fannar
             ... wielding a staff of cold
              (4 damage)
             ... on level 3 of the Lair of Beasts.
             The game lasted 00:05:37 (10508 turns).

qw the Marksgargoyle (Gargoyle Hexslinger)         Turns: 10508, Time: 00:05:38

Health: -2/77      AC: 29    Str: 12    XL:     12   Next: 82%
Magic:  19/19      EV: 15    Int: 17    God:    Okawaru [*****.]
Gold:   297        SH:  5    Dex: 16    Spells: 12/13 levels left

rFire   + + .        Y - +0 orcbow (heavy)
rCold   + . .        (shield currently unavailable)
rNeg    + . .        a - +2 ring mail {Will+}
rPois   inf          e - +3 crown of Dyrovepreva {rElec Int+2 SInv}
rElec   +            f - +2 cloak of Zin's Hatred {*Corrode rElec rF+ rC+}
rCorr   .            g - +2 pair of gloves
SInv    +            s - +0 pair of boots
Will    +....        l - amulet of reflection
Stlth   ++           d - ring of protection from fire
HPRegen 0.32/turn    n - +4 ring of slaying {mikee}
MPRegen 0.16/turn

%: corrode self (3%), reflection
@: heroic
A: sickness immunity, AC +8, negative energy resistance 1, electricity
resistance, torment resistance 1, petrification resistance
a: Renounce Religion, Heroism, Finesse, Duel


You were on level 3 of the Lair of Beasts.
You worshipped Okawaru.
Okawaru was extremely pleased with you.
You visited 3 branches of the dungeon, and saw 12 of its levels.
You also visited: Gauntlet.

You collected 517 gold pieces.
You spent 220 gold pieces at shops.


Innate Abilities, Weirdness & Mutations

You are immune to sickness and miasma.
Your stone body is resilient. (AC +8)
You are immune to poison.
You resist negative energy. (rN+)
You are resistant to electric shocks. (rElec)
You are resistant to unholy torment.
You are immune to petrification.


   Skills:
 - Level 10.0(15.0) Fighting
 - Level 15.0(20.0) Ranged Weapons
 + Level 5.0(10.0) Armour
 - Level 4.6(9.6) Dodging
 - Level 1.0 Spellcasting
 - Level 2.6 Hexes
 - Level 10.0 Invocations


You had 12 spell levels left.
You knew the following spells:

 Your Spells              Type           Power      Damage    Failure   Level
a - Slow                  Hex            36%        N/A       14%         1

Your spell library contained the following spells:

 Spells                   Type           Power      Damage    Failure   Level
 Inner Flame              Hex/Fire       5%         N/A       56%         3
 Portal Projectile        Hex/Tloc       10%        N/A       56%         3
 Cause Fear               Hex            4%         N/A       80%         4

Inventory:

Hand Weapons
 Y - a +0 heavy orcbow (weapon)
Armour
 a - a +2 ring mail of willpower (worn)
 e - the +3 crown of Dyrovepreva (worn) {rElec Int+2 SInv}
   (You found it on level 6 of the Dungeon)

   Int:       It affects your intelligence (+2).
   rElec:     It insulates you from electricity.
   SInv:      It lets you see invisible.
 f - the +2 cloak of Zin's Hatred (worn) {*Corrode rElec rF+ rC+}
   (You found it in a Gauntlet)

   rF:        It protects you from fire.
   rC:        It protects you from cold.
   rElec:     It insulates you from electricity.
   *Corrode:  It may corrode you when you take damage.
 g - a +2 pair of gloves (worn)
 h - a +2 robe of fire resistance
 q - a +1 cloak of willpower
 s - a +0 pair of boots (worn)
Jewellery
 d - a ring of protection from fire (left hand)
 l - an amulet of reflection (around neck)
 n - a +4 ring of slaying (right hand) {mikee}
Wands
 o - a wand of digging (4)
Scrolls
 b - 3 scrolls of identify
Potions
 c - a potion of enlightenment
 i - 2 potions of magic
 j - 9 potions of curing
 k - a potion of resistance
 p - 2 potions of might
 r - a potion of mutation
 t - a potion of cancellation

Dungeon Overview and Level Annotations

Branches:
Dungeon (8/15)             Temple (1/1) D:7            Lair (3/5) D:8
 Spider (0/4) Lair:2      Gauntlet (visited)
  Swamp: Lair:2-3    Shoals: Lair:2-3

Altars:
Ashenzari
Cheibriados
Dithmenos
Elyvilon
Fedhas
Gozag
Hepliaklqana
Kikubaaqudgha
Makhleb
Nemelex Xobeh
Okawaru
Qazlal
Ru
Sif Muna
Trog
Uskayaw
Wu Jian
Xom
Yredelemnul
Zin
The Shining One

Shops:
D:1 *   D:4 :   D:5 *   D:6 !

Annotations:
Lair:3 Fannar


Message History

You shoot an arrow. The arrow barely misses the cane toad.
The cane toad stings you but does no damage.
The cane toad completely misses you.
You shoot an arrow. The arrow hits the cane toad!!
The cane toad is heavily wounded.
You block the cane toad's attack.
You shoot an arrow. The arrow hits the cane toad!!
You kill the cane toad!
Okawaru accepts your kill.
Your base Ranged Weapons skill increases to level 15!
You start resting.
You feel like a meek peon again.
Fannar is nearby!
10498 ||| INVOKING Heroism.
You gain the combat prowess of a mighty hero.
You shoot an arrow. The arrow barely misses Fannar.
Fannar shouts!
You shoot an arrow. The arrow hits Fannar.
Fannar is lightly wounded.
You shoot an arrow. The arrow hits Fannar!
Fannar is lightly wounded.
You shoot an arrow. The arrow closely misses Fannar.
You block Fannar's attack.
You shoot an arrow. The arrow barely misses Fannar.
Fannar hits you but does no damage. Fannar freezes you.
You shoot an arrow. The arrow hits Fannar!!!
Fannar is heavily wounded.
Fannar drinks a potion.
Fannar is healed!
You shoot an arrow. The arrow hits Fannar!!
Fannar is severely wounded.
Fannar drinks a potion.
Fannar is healed!
Fannar hits you but does no damage. Fannar freezes you!
You shoot an arrow. The arrow hits Fannar.
Fannar is severely wounded.
Fannar hits you but does no damage. Fannar freezes you.
You shoot an arrow. The arrow closely misses Fannar.
Fannar hits you but does no damage. Fannar freezes you.
You shoot an arrow. The arrow closely misses Fannar.
Fannar hits you but does no damage. Fannar freezes you.
You die...

... . #.# .. ###
## #.### .[.##..
#.## #...# .......
#..(#. ....#
...P!..##.....[
....##
#.........P..#
#....#.# #....e@#
#.....#..........#
#......#.#.##...##
#.....#..#. ##..
..........# ##.
.Y.#.#..... ##
#.#.....##.
..e#e.....#
...¤Y......


You could see Fannar.

Vanquished Creatures
  A balrug (Gauntlet)
  A minotaur (Gauntlet)
  A hydra (Lair:2)
  Sonja (Lair:1)
  A fire crab (D:8)
  A pharaoh ant (Lair:2)
  A necromancer (Gauntlet)
  6 elephants (Lair:2)
  7 cane toads
  6 komodo dragons
  2 rime drakes
  A polar bear (Lair:2)
  6 blink frogs (Lair:2)
  2 slime creatures (Gauntlet)
  2 spriggans (Lair:2)
  A jumping spider (Lair:2)
  11 yaks (Lair:2)
  A wyvern (Lair:1)
  A steam dragon (D:8)
  2 basilisks
  A redback (Lair:2)
  Menkaure (D:4)
  10 water moccasins
  2 hell hounds (Gauntlet)
  2 orc warriors (D:7)
  3 sky beasts
  2 black bears
  5 ice beasts
  2 ogres
  4 centaurs
  12 wolves
  A kobold brigand (D:6)
  Blork the orc (D:4)
  8 bullfrogs
  3 scorpions
  A gnoll sergeant (D:6)
  3 wights (D:6)
  An electric eel (Lair:1)
  2 howler monkeys
  6 jellies
  4 hounds
  7 orc priests
  2 sleepcaps (D:5)
  5 iguanas
  3 orc wizards
  2 hell rats (D:7)
  9 gnolls
  9 river rats (D:7)
  5 adders
  2 shadow imps
  An ufetubus (D:7)
  3 worms
  2 dart slugs
  39 orcs
  10 bats
  7 endoplasms
  8 goblins
  7 hobgoblins
  6 jackals
  12 quokkas
  5 ball pythons
  2 frilled lizards
  16 kobolds
  28 rats
319 creatures vanquished.

Notes
Turn   | Place    | Note
-------+----------+-------------------------------------------
     0 | D:1      | qw the Gargoyle Hexslinger began the quest for the Orb.
     0 | D:1      | Reached XP level 1. HP: 12/12 MP: 2/2
     0 | D:1      | 0 ||| qw: Version: 0.3-a-46-gb1f654a
     0 | D:1      | 0 ||| qw: Game counter: 2114
     0 | D:1      | 0 ||| qw: Melee chars always use a shield: true
     0 | D:1      | 0 ||| qw: God list: Okawaru
     0 | D:1      | 0 ||| qw: Allow faded altars: false
     0 | D:1      | 0 ||| qw: Do Orc after clearing Dungeon:15 true
     0 | D:1      | 0 ||| qw: Do second Lair branch before Depths: true
     0 | D:1      | 0 ||| qw: Lair rune preference: random
     0 | D:1      | 0 ||| qw: Goals: Normal
     0 | D:1      | 0 ||| PLANNING D:1-11
   125 | D:1      | Reached XP level 2. HP: 13/16 MP: 3/3
   164 | D:1      | Found Peudor's Assorted Antiques.
   173 | D:1      | 173 ||| SHOPLISTING fuming black potion (17 gold, have 14).
   173 | D:1      | 173 ||| SHOPLISTING orange potion (17 gold, have 14).
   173 | D:1      | 173 ||| SHOPLISTING ring mail (76 gold, have 14).
   173 | D:1      | 173 ||| SHOPLISTING scroll labelled SUEXOUZOUF (19 gold,
                  | have 14).
   173 | D:1      | 173 ||| SHOPLISTING shiny ring mail (133 gold, have 14).
   226 | D:1      | Reached skill level 3 in Ranged Weapons
   860 | D:1      | 860 ||| UPGRADING to ring of protection from fire.
   861 | D:1      | 861 ||| READING scroll labelled ITWEILUFEO.
   862 | D:1      | 862 ||| DROPPING scroll of poison.
   937 | D:2      | Reached XP level 3. HP: 21/21 MP: 4/4
  1360 | D:2      | Found a faded altar of an unknown god.
  1425 | D:2      | Reached XP level 4. HP: 23/26 MP: 5/5
  1426 | D:2      | 1426 ||| FLEEEEING.
  1427 | D:2      | 1427 ||| FLEEEEING.
  1432 | D:2      | Reached skill level 4 in Ranged Weapons
  1584 | D:2      | 1584 ||| UPGRADING to +0 ring mail.
  1594 | D:2      | 1594 ||| DROPPING +0 robe.
  1595 | D:2      | 1595 ||| DROPPING scarf of invisibility.
  1596 | D:2      | 1596 ||| READING scroll labelled EDAOGAPHIK.
  1597 | D:2      | 1597 ||| READING scroll labelled SAPIAT LOUH.
  1598 | D:2      | 1598 ||| READING scroll labelled ARRAIT FYNA.
  1601 | D:2      | 1601 ||| READING scroll labelled CUOZE BOVVOA.
  1702 | D:2      | 1702 ||| READING scroll labelled ZUTZAE MIBEU.
  1712 | D:3      | Found a shimmering altar of Xom.
  1733 | D:3      | Reached XP level 5. HP: 30/30 MP: 6/6
  1959 | D:3      | 1959 ||| FLEEEEING.
  1961 | D:3      | 1961 ||| FLEEEEING.
  1962 | D:3      | 1962 ||| FLEEEEING.
  2153 | D:3      | 2153 ||| UPGRADING to +0 cloak.
  2240 | D:4      | Noticed Blork the orc
  2257 | D:4      | Killed Blork the orc
  2258 | D:4      | Reached skill level 5 in Ranged Weapons
  2258 | D:4      | Reached XP level 6. HP: 21/35 MP: 7/7
  2427 | D:4      | Noticed Menkaure
  2436 | D:4      | Killed Menkaure
  2437 | D:4      | Reached skill level 3 in Fighting
  2743 | D:4      | Reached skill level 6 in Ranged Weapons
  2747 | D:4      | Reached XP level 7. HP: 42/42 MP: 8/8
  2801 | D:4      | 2801 ||| READING 3 scrolls of enchant weapon.
  2801 | D:4      | 2801 ||| ENCHANTING +2 sling.
  2802 | D:4      | 2802 ||| READING 2 scrolls of enchant weapon.
  2802 | D:4      | 2802 ||| ENCHANTING +3 sling.
  2803 | D:4      | 2803 ||| READING scroll of enchant weapon.
  2803 | D:4      | 2803 ||| ENCHANTING +4 sling.
  2903 | D:4      | Found Kudusch's Tremendous Tomes.
  3024 | D:4      | Found a sacrificial altar of Ru.
  3025 | D:4      | Found a basalt altar of Yredelemnul.
  3026 | D:4      | Found a stormy altar of Qazlal.
  3027 | D:4      | Found a glowing silver altar of Zin.
  3029 | D:4      | 3029 ||| UPGRADING to +2 robe of fire resistance.
  3039 | D:4      | 3039 ||| DROPPING +0 ring mail.
  3040 | D:4      | 3040 ||| READING scroll labelled GEGENIBB LONIVY.
  3041 | D:4      | 3041 ||| READING scroll labelled EQIUFR ROLESI.
  3042 | D:4      | 3042 ||| READING scroll labelled NOAWAN ZOJUOB.
  3043 | D:4      | 3043 ||| DRINKING 2 orange potions.
  3044 | D:4      | 3044 ||| READING 2 scrolls of identify.
  3044 | D:4      | 3044 ||| IDENTIFYING fizzy green potion
  3045 | D:4      | 3045 ||| DROPPING potion of lignification.
  3046 | D:4      | 3046 ||| DROPPING potion of brilliance.
  3068 | D:5      | Entered Level 5 of the Dungeon
  3181 | D:5      | 3181 ||| READING scroll of enchant armour.
  3181 | D:5      | 3181 ||| ENCHANTING +0 cloak.
  3209 | D:5      | Reached skill level 7 in Ranged Weapons
  3286 | D:5      | 3286 ||| SWAPPING to +0 orcbow.
  3287 | D:5      | 3287 ||| DROPPING +5 heavy sling.
  3291 | D:5      | Found Xath's Assorted Antiques.
  3302 | D:5      | 3302 ||| BUYING potion of curing (60 gold).
  3302 | D:5      | Bought a potion of curing for 60 gold pieces
  3302 | D:5      | 3302 ||| BUYING scroll labelled LADGHE XUMAOWEF (20 gold).
  3302 | D:5      | Bought a scroll labelled LADGHE XUMAOWEF for 20 gold pieces
  3302 | D:5      | 3302 ||| SHOPLISTING scroll of enchant weapon (150 gold,
                  | have 98).
  3302 | D:5      | 3302 ||| BUYING scroll of identify (40 gold).
  3302 | D:5      | Bought a scroll of identify for 40 gold pieces
  3430 | D:5      | Reached skill level 8 in Ranged Weapons
  3430 | D:5      | Reached XP level 8. HP: 36/48 MP: 9/9
  3520 | D:5      | Identified the +5 mace of the Hawk {freeze, *Corrode rF++}
  3925 | D:5      | 3925 ||| READING scroll labelled COS NAIMOCRUBI.
  3926 | D:5      | 3926 ||| READING scroll labelled LADGHE XUMAOWEF.
  3927 | D:5      | 3927 ||| READING 4 scrolls of identify.
  3927 | D:5      | 3927 ||| IDENTIFYING dark potion
  3928 | D:5      | 3928 ||| DROPPING potion of attraction.
  4096 | D:6      | 4096 ||| Stepping ~*~*~tactically~*~*~ (outnumbered).
  4097 | D:6      | 4097 ||| Stepping ~*~*~tactically~*~*~ (outnumbered).
  4131 | D:6      | Reached skill level 9 in Ranged Weapons
  4134 | D:6      | 4134 ||| FLEEEEING.
  4135 | D:6      | 4135 ||| FLEEEEING.
  4230 | D:6      | Reached skill level 6 in Fighting
  4257 | D:6      | 4257 ||| Stepping ~*~*~tactically~*~*~ (outnumbered).
  4268 | D:6      | Reached XP level 9. HP: 49/55 MP: 10/10
  4426 | D:6      | Reached skill level 10 in Ranged Weapons
  4452 | D:6      | Found a burning altar of Makhleb.
  4505 | D:6      | Found a snail-covered altar of Cheibriados.
  4533 | D:6      | Found the +3 crown of Dyrovepreva {rElec Int+2 SInv}
  4705 | D:6      | Reached skill level 3 in Dodging
  4800 | D:6      | Found Effeczuc's Distillery.
  4851 | D:6      | 4851 ||| SHOPLISTING 2 potions of haste (200 gold, have
                  | 130).
  4851 | D:6      | 4851 ||| BUYING 2 potions of heal wounds (100 gold).
  4851 | D:6      | Bought 2 potions of heal wounds for 100 gold pieces
  4851 | D:6      | 4851 ||| SHOPLISTING potion of enlightenment (50 gold, have
                  | 30).
  4851 | D:6      | 4851 ||| SHOPLISTING potion of heal wounds (50 gold, have
                  | 30).
  4851 | D:6      | 4851 ||| SHOPLISTING potion of might (40 gold, have 30).
  4851 | D:6      | 4851 ||| SHOPLISTING potion of mutation (80 gold, have 30).
  4949 | D:6      | 4949 ||| Stepping ~*~*~tactically~*~*~ (outnumbered).
  4952 | D:6      | 4952 ||| Stepping ~*~*~tactically~*~*~ (outnumbered).
  4954 | D:6      | 4954 ||| Stepping ~*~*~tactically~*~*~ (outnumbered).
  4957 | D:6      | 4957 ||| Stepping ~*~*~tactically~*~*~ (outnumbered).
  4996 | D:6      | 4996 ||| UPGRADING to +3 crown of Dyrovepreva {rElec Int+2
                  | SInv}.
  5001 | D:6      | 5001 ||| READING 2 scrolls labelled SUEXOUZOUF.
  5002 | D:6      | 5002 ||| DROPPING scroll of fog.
  5132 | D:7      | Found a staircase to the Ecumenical Temple.
  5133 | D:7      | 5133 ||| PLANNING TEMPLE
  5133 | D:7      | 5133 ||| UPGRADING to +1 pair of gloves.
  5138 | D:7      | 5138 ||| DRINKING 2 smoky purple potions.
  5139 | D:7      | 5139 ||| READING 6 scrolls of identify.
  5139 | D:7      | 5139 ||| IDENTIFYING sedimented emerald potion
  5140 | D:7      | 5140 ||| DROPPING potion of invisibility.
  5150 | Temple   | Entered the Ecumenical Temple
  5190 | Temple   | 5190 ||| PLANNING OKAWARU WORSHIP
  5218 | Temple   | Became a worshipper of Warmaster Okawaru
  5219 | Temple   | 5219 ||| PLANNING D:1-11
  5560 | D:7      | 5560 ||| FLEEEEING.
  5563 | D:7      | 5563 ||| FLEEEEING.
  5564 | D:7      | 5564 ||| FLEEEEING.
  5565 | D:7      | 5565 ||| FLEEEEING.
  5566 | D:7      | 5566 ||| FLEEEEING.
  5570 | D:7      | 5570 ||| FLEEEEING.
  5571 | D:7      | 5571 ||| FLEEEEING.
  5572 | D:7      | 5572 ||| FLEEEEING.
  5573 | D:7      | 5573 ||| FLEEEEING.
  5574 | D:7      | 5574 ||| FLEEEEING.
  5575 | D:7      | 5575 ||| FLEEEEING.
  5576 | D:7      | 5576 ||| FLEEEEING.
  5577 | D:7      | 5577 ||| FLEEEEING.
  5578 | D:7      | 5578 ||| FLEEEEING.
  5579 | D:7      | 5579 ||| FLEEEEING.
  5580 | D:7      | 5580 ||| FLEEEEING.
  5584 | D:7      | 5584 ||| FLEEEEING.
  5590 | D:7      | 5590 ||| FLEEEEING.
  5591 | D:7      | 5591 ||| FLEEEEING.
  5595 | D:7      | 5595 ||| FLEEEEING.
  5596 | D:7      | 5596 ||| FLEEEEING.
  5597 | D:7      | 5597 ||| FLEEEEING.
  5598 | D:7      | 5598 ||| FLEEEEING.
  5599 | D:7      | 5599 ||| FLEEEEING.
  5655 | D:7      | Reached * piety under Okawaru
  5656 | D:7      | Reached skill level 11 in Ranged Weapons
  5767 | D:7      | Reached skill level 1 in Invocations
  6344 | D:7      | 6344 ||| UPGRADING to amulet of reflection.
  6349 | D:7      | 6349 ||| DROPPING +6 ring of intelligence.
  6350 | D:7      | 6350 ||| UPGRADING to +4 ring of slaying {mikee}.
  6351 | D:7      | 6351 ||| READING scroll labelled MOIGELUYDI.
  6352 | D:7      | 6352 ||| DRINKING 2 metallic yellow potions.
  6429 | D:8      | Found a staircase to the Lair.
  6430 | D:8      | Noticed a fire crab
  6436 | D:8      | 6436 ||| FLEEEEING.
  6437 | D:8      | 6437 ||| FLEEEEING.
  6480 | D:8      | 6480 ||| FLEEEEING.
  6506 | D:8      | Killed a fire crab
  6506 | D:8      | Reached ** piety under Okawaru
  6507 | D:8      | Reached skill level 3 in Invocations
  6507 | D:8      | Reached XP level 10. HP: 61/65 MP: 10/12
  6622 | D:8      | 6622 ||| INVOKING Heroism.
  6812 | D:8      | 6812 ||| READING scroll of brand weapon.
  6812 | D:8      | 6812 ||| BRANDING +0 orcbow.
  6906 | D:8      | Found a hazy altar of Hepliaklqana.
  7073 | D:8      | 7073 ||| READING scroll of enchant armour.
  7073 | D:8      | 7073 ||| ENCHANTING +1 pair of gloves.
  7214 | D:8      | 7214 ||| Stepping ~*~*~tactically~*~*~ (outnumbered).
  7216 | D:8      | 7216 ||| Stepping ~*~*~tactically~*~*~ (outnumbered).
  7218 | D:8      | 7218 ||| Stepping ~*~*~tactically~*~*~ (outnumbered).
  7589 | D:8      | 7589 ||| PLANNING LAIR
  7589 | D:8      | 7589 ||| READING 7 scrolls of identify.
  7589 | D:8      | 7589 ||| IDENTIFYING fizzy brown potion
  7590 | D:8      | 7590 ||| READING 6 scrolls of identify.
  7590 | D:8      | 7590 ||| IDENTIFYING smoky green potion
  7650 | Lair:1   | Entered Level 1 of the Lair of Beasts
  7651 | Lair:1   | 7651 ||| PLANNING GAUNTLET
  7651 | Lair:1   | 7651 ||| INVOKING Heroism.
  7659 | Lair:1   | Noticed a cane toad
  7662 | Lair:1   | Killed a cane toad
  7691 | Lair:1   | 7691 ||| READING scroll of brand weapon.
  7691 | Lair:1   | 7691 ||| BRANDING +0 orcbow of flaming.
  7729 | Lair:1   | Found a gate leading to a gauntlet.
  7730 | Lair:1   | 7730 ||| READING 5 scrolls of identify.
  7730 | Lair:1   | 7730 ||| IDENTIFYING clear potion
  7731 | Lair:1   | 7731 ||| DROPPING potion of degeneration.
  7740 | Gauntlet | Entered a Gauntlet
  7740 | Gauntlet | Found a transporter.
  7740 | Gauntlet | Found a transporter.
  7741 | Gauntlet | Noticed an ice statue
  7758 | Gauntlet | Found a transporter.
  7762 | Gauntlet | Found a transporter.
  7774 | Gauntlet | Found a transporter.
  7778 | Gauntlet | Found a transporter.
  7779 | Gauntlet | Noticed a balrug
  7791 | Gauntlet | Found a transporter.
  7796 | Gauntlet | Noticed a thrashing horror
  7799 | Gauntlet | Found a transporter.
  7814 | Gauntlet | Found a transporter.
  7818 | Gauntlet | Found a transporter.
  7823 | Gauntlet | Noticed a necromancer
  7826 | Gauntlet | Found a transporter.
  7830 | Gauntlet | Found a transporter.
  7882 | Gauntlet | 7882 ||| INVOKING Heroism.
  7885 | Gauntlet | Reached skill level 12 in Ranged Weapons
  7902 | Gauntlet | 7902 ||| UPGRADING to +1 cloak of willpower.
  7912 | Gauntlet | 7912 ||| DROPPING +1 cloak.
  7946 | Gauntlet | Killed a necromancer
  7946 | Gauntlet | Reached *** piety under Okawaru
  7947 | Gauntlet | 7947 ||| INVOKING Heroism.
  8084 | Gauntlet | 8084 ||| INVOKING Heroism.
  8084 | Gauntlet | HP: 8/65 [balrug/+2 demon whip of electrocution (11)]
  8084 | Gauntlet | HP: 1/65 [balrug/+2 demon whip of electrocution (7)]
  8085 | Gauntlet | 8085 ||| DRINKING 2 potions of heal wounds.
  8087 | Gauntlet | 8087 ||| DRINKING potion of heal wounds.
  8091 | Gauntlet | Killed a balrug
  8092 | Gauntlet | Reached skill level 13 in Ranged Weapons
  8092 | Gauntlet | Reached XP level 11. HP: 16/69 MP: 12/14
  8092 | Gauntlet | HP: 14/69 [burnt (2)]
  8274 | Gauntlet | Identified the +2 cloak of Zin's Hatred {*Corrode rElec rF+
                  | rC+}
  8279 | Gauntlet | 8279 ||| UPGRADING to +2 ring mail of willpower.
  8289 | Gauntlet | 8289 ||| UPGRADING to +2 cloak of Zin's Hatred {*Corrode
                  | rElec rF+ rC+}.
  8315 | Gauntlet | Noticed a minotaur
  8316 | Gauntlet | 8316 ||| INVOKING Heroism.
  8319 | Gauntlet | Killed a minotaur
  8319 | Gauntlet | Reached **** piety under Okawaru
  8366 | Lair:1   | 8366 ||| PLANNING LAIR
  8372 | Lair:1   | Noticed Sonja
  8374 | Lair:1   | Killed Sonja
  8451 | Lair:1   | 8451 ||| INVOKING Heroism.
  8573 | Lair:1   | Reached skill level 9 in Fighting
  8655 | Lair:1   | 8655 ||| INVOKING Heroism.
  8856 | Lair:1   | 8856 ||| INVOKING Heroism.
  9004 | Lair:1   | 9004 ||| READING 4 scrolls of identify.
  9004 | Lair:1   | 9004 ||| IDENTIFYING viscous orange potion
  9030 | Lair:2   | 9030 ||| INVOKING Heroism.
  9036 | Lair:2   | Reached skill level 6 in Invocations
  9234 | Lair:2   | 9234 ||| INVOKING Heroism.
  9271 | Lair:2   | 9271 ||| INVOKING Heroism.
  9357 | Lair:2   | 9357 ||| INVOKING Heroism.
  9465 | Lair:2   | 9465 ||| INVOKING Heroism.
  9472 | Lair:2   | Reached XP level 12. HP: 69/76 MP: 15/17
  9495 | Lair:2   | Reached skill level 14 in Ranged Weapons
  9499 | Lair:2   | 9499 ||| INVOKING Heroism.
  9593 | Lair:2   | 9593 ||| INVOKING Heroism.
  9730 | Lair:2   | 9730 ||| INVOKING Heroism.
  9761 | Lair:2   | Reached skill level 9 in Invocations
  9830 | Lair:2   | Found a hole to the Spider Nest.
  9836 | Lair:2   | 9836 ||| INVOKING Heroism.
  9876 | Lair:2   | 9876 ||| INVOKING Heroism.
  9877 | Lair:2   | HP: 19/77 [elephant (5)]
  9878 | Lair:2   | 9878 ||| READING 4 scrolls of teleportation.
  9879 | Lair:2   | HP: 7/77 [elephant (7)]
  9881 | Lair:2   | 9881 ||| READING 3 scrolls of teleportation.
 10116 | Lair:2   | Noticed a five-headed hydra
 10117 | Lair:2   | 10117 ||| INVOKING Heroism.
 10122 | Lair:2   | Killed a five-headed hydra
 10171 | Lair:2   | Reached ***** piety under Okawaru
 10245 | Lair:2   | Received a gift from Okawaru
 10355 | Lair:2   | 10355 ||| UPGRADING to +0 pair of boots.
 10360 | Lair:2   | 10360 ||| READING 4 scrolls of identify.
 10360 | Lair:2   | 10360 ||| IDENTIFYING fizzy dark potion
 10460 | Lair:3   | 10460 ||| INVOKING Heroism.
 10462 | Lair:3   | Noticed Fannar
 10473 | Lair:3   | HP: 19/77 [Fannar/bolt of cold (15)]
 10474 | Lair:3   | 10474 ||| READING 2 scrolls of teleportation.
 10481 | Lair:3   | 10481 ||| READING scroll of teleportation.
 10486 | Lair:3   | HP: 18/77 [cane toad (2)]
 10490 | Lair:3   | Reached skill level 15 in Ranged Weapons
 10498 | Lair:3   | 10498 ||| INVOKING Heroism.
 10503 | Lair:3   | HP: 18/77 [Fannar/staff of cold (6)]
 10506 | Lair:3   | HP: 6/77 [Fannar/staff of cold (5)]
 10507 | Lair:3   | HP: 2/77 [Fannar/staff of cold (5)]
 10508 | Lair:3   | Slain by Fannar

Levels and vault maps discovered:
D:1:      saegor_arrival_simple_a, layout_basic, serial_shops,
          nicolae_shop_tiny_glass
D:2:      layout_basic, hellmonk_ecumenical_altar_inner_sanctum, serial_glass,
          glass_columns_a, glass_columns_c, glass_columns_a, glass_columns_b,
          glass_columns_b, glass_columns_b
D:3:      layout_rooms, amcnicky_altar_gilded, minmay_crystal_room
D:4:      layout_loops_ring, mainiacjoe_overflow_alcove_3,
          nicolae_shop_i_like_big_books, uniq_menkaure, uniq_blork_the_orc
D:5:      layout_loops_ring, serial_shops, nicolae_shop_rolling_square,
          kennysheep_donut, grunt_ministairs_14
D:6:      layout_loops_cross, slow_altar_1, kennysheep_little_box, serial_shops,
          nicolae_shop_statue_plus
D:7:      lemuel_ratsnest, layout_basic, minmay_temple_entry_large_hall
D:8:      layout_basic, mainiacjoe_overflow_surrounded_room,
          minmay_lair_entry_lava, serial_co_window_serial, co_window_paths_b,
          co_window_corner_a, co_window_of_opportunity_a, co_window_corner_a,
          co_window_paths_b, co_window_corner_a, co_window_paths_a,
          co_window_of_opportunity_a, co_window_paths_b, co_window_corner_b,
          co_window_corner_b, co_window_cross_4, co_window_of_opportunity_b,
          co_window_corner_b, co_window_corner_ca, co_window_paths_d,
          glass_columns_a, glass_columns_b, glass_columns_a
Temple:   nicolae_temple_god_jail
Lair:1:   layout_chaotic_city, gauntlet_entry_generic, lemuel_fruit_tree,
          serial_bayou_shore_b, infiniplex_staircase_pool, uniq_sonja
Lair:2:   layout_regular_city, nicolae_spider_entry_lesser_pyramids,
          forest_entry_grove, grunt_megastairs_4
Lair:3:   layout_misc_corridors, minmay_shoals_entry_lonely_mermaid,
          uniq_fannar, uniq_urug

Skill      XL: |  1  2  3  4  5  6  7  8  9 10 11 12 |
---------------+-------------------------------------+-----
Ranged Weapons | 3 4 5 6 8 9 11 13 15 | 15.0
Fighting       | 2 3 4 6 8 9 10 | 10.0
Armour         | 2 4 5 |  5.0
Dodging        | 2 3 4 |  4.6
Invocations    | 3 4 7 10 | 10.0
Spellcasting   | |  1.0
Hexes          | |  2.6

Action                     |  1- 3 |  4- 6 |  7- 9 | 10-12 || total
---------------------------+-------+-------+-------+-------++-------
   Fire: Sling             |   143 |   187 |    51 |       ||   381
         Orcbow            |       |       |   571 |   386 ||   957
 Invoke: Heroism           |       |       |       |    22 ||    22
    Use: Scroll            |     1 |     5 |    14 |    12 ||    32
         Potion            |       |       |     3 |     2 ||     5
 Armour: Robe              |    27 |       |   192 |    57 ||   276
         Ring mail         |       |    37 |     2 |   133 ||   172
  Dodge: Dodged            |    49 |    38 |   242 |   235 ||   564
  Block: Other             |       |       |       |    98 ||    98
         Reflection        |       |       |       |     2 ||     2

Table legend:
 A = Non-vault XP
 B = Vault XP
 C = Vault XP percentage of total XP
 D = Non-vault monster count
 E = Vault monster count
 F = Vault count percentage of total count
                 A         B        C        D         E       F
            +---------+---------+-------+---------+---------+-------
      Total |   21437 |    8136 |  27.5 |     249 |      70 |  21.9
            +---------+---------+-------+---------+---------+-------
        D:1 |      31 |       0 |   0.0 |      20 |       0 |   0.0
        D:2 |      68 |       0 |   0.0 |      25 |       0 |   0.0
        D:3 |      90 |       0 |   0.0 |      17 |       0 |   0.0
        D:4 |     203 |     263 |  56.4 |      19 |       2 |   9.5
        D:5 |     914 |      91 |   9.1 |      29 |       2 |   6.5
        D:6 |    1579 |       5 |   0.3 |      44 |       1 |   2.2
        D:7 |     990 |     220 |  18.2 |      21 |      40 |  65.6
        D:8 |    1070 |     765 |  41.7 |      13 |       1 |   7.1
     Lair:1 |    2600 |     634 |  19.6 |      10 |       1 |   9.1
     Lair:2 |   12032 |    2576 |  17.6 |      42 |      12 |  22.2
     Lair:3 |    1398 |       0 |   0.0 |       7 |       0 |   0.0
   Gauntlet |     462 |    3582 |  88.6 |       2 |      11 |  84.6
            +---------+---------+-------+---------+---------+-------
